 Dungeon Crawl Stone Soup version 0.21-a0-401-g0b6bec4 (webtiles) character file.

25 Moloch the Skirmisher (level 2, -2/24 HPs)
             Began as a Demonspawn Fighter on Oct 25, 2017.
             Slain by an adder (4 damage)
             ... on level 2 of the Dungeon.
             The game lasted 00:00:36 (761 turns).

Moloch the Skirmisher (Demonspawn Fighter)           Turns: 761, Time: 00:00:38

Health: -2/24      AC:  6    Str: 16    XL:     2   Next: 82%
Magic:  2/2        EV:  6    Int:  9    God:
Gold:   49         SH:  8    Dex: 12    Spells: 1/1 levels left

rFire    . . .     SeeInvis .   a - +0 war axe
rCold    . . .     Gourm    .   c - +0 shield
rNeg     . . .     Faith    .   b - +0 scale mail
rPois    .         Spirit   .   (helmet restricted)
rElec    .         Reflect  .   (no cloak)
rCorr    .         Harm     .   (no gloves)
MR       .....                  (no boots)
Stlth    ..........             (no amulet)
HPRegen  0.08/turn              e - ring of flight
MPRegen  0.08/turn              (no ring)

@: lethally poisoned (-2 -> -4)
A: horns 1
a: Evoke Flight


You were on level 2 of the Dungeon.
You were not hungry.

You visited 1 branch of the dungeon, and saw 2 of its levels.

You collected 49 gold pieces.

Inventory:

Hand Weapons
 a - a +0 war axe (weapon)
Armour
 b - a +0 scale mail (worn)
 c - a +0 shield (worn)
Jewellery
 e - a ring of flight (left hand)
 j - a +2 ring of strength {unknown}
Scrolls
 g - a scroll of identify {unknown}
 h - a scroll of random uselessness {unknown}
 m - a scroll of remove curse {unknown}
Potions
 d - a potion of might
 l - a potion of lignification {unknown}
Comestibles
 f - a bread ration
 i - 4 fruits
 k - a meat ration


   Skills:
 + Level 3.4 Fighting
 * Level 2.7 Axes
 - Level 2.6 Armour
 - Level 2.6 Shields


You had one spell level left.
You didn't know any spells.

Dungeon Overview and Level Annotations

Branches:
Dungeon (2/15)

Altars:


Innate Abilities, Weirdness & Mutations

You have a pair of small horns on your head.


Message History

You feel sick. You block the adder's attack. The adder bites you.
You block the adder's attack. The adder bites you but does no damage.
You feel sick. The adder barely misses you.
You miss the adder.
The adder is heavily wounded.
You hit the adder but do no damage. You block the adder's attack.
The adder barely misses you. The adder bites you.
* * * LOW HITPOINT WARNING * * *
The adder bites you but does no damage.
You barely miss the adder.
The adder is heavily wounded.
You hit the adder.
* * * LOW HITPOINT WARNING * * *
You feel sick. The adder bites you but does no damage.
You block the adder's attack. x2; The adder bites you but does no damage.
You slash the adder!
You kill the adder!
You closely miss the adder. You block the adder's attack. The adder bites you.
You die...

#......# #......#
#......# #......#
#......#
.#######......#
.......'......#
##.########......#
........<....@S#.#
#.####.######.#
#.#......#
#.#......#
#.#.....##
#.#......
#.##....#
#.##....#
...#....#


You could see an adder.

Vanquished Creatures
  An adder (D:2)
  2 leopard geckos (D:1)
  A giant cockroach (D:2)
  2 goblins (D:1)
  A hobgoblin (D:1)
  2 jackals (D:1)
  A bat (D:1)
  A kobold (D:1)
  3 rats (D:1)
14 creatures vanquished.

Vanquished Creatures (others)
  5 toadstools (D:1)
5 creatures vanquished.

Grand Total: 19 creatures vanquished

Notes
Turn   | Place    | Note
-------+----------+-------------------------------------------
     0 | D:1      | Moloch the Demonspawn Fighter began the quest for the Orb.
     0 | D:1      | Reached XP level 1. HP: 18/18 MP: 1/1
   234 | D:1      | Gained mutation: You have a pair of small horns on your head. [demonic ancestry]
   234 | D:1      | Reached XP level 2. HP: 24/24 MP: 2/2
   761 | D:2      | Slain by an adder

Vault maps used:
D:1:      ldierk_walled_garden, item_on_display_a

Skill      XL: |  1 |
---------------+----+-----
Axes           | 2 |  2.7
Fighting       | |  3.4
Armour         | |  2.6
Shields        | |  2.6

Action                   || total
-------------------------++-------
Melee: War axe           ||    38
       Headbutt          ||     3
Armor: Scale mail        ||    30
Dodge: Dodged            ||    21
Block: Shield            ||    26

Table legend:
 A = Spawn XP
 B = Non-spawn XP
 C = Spawn XP percentage of total XP
 D = Spawn monster count
 E = Non-spawn monster count
 F = Spawn count percentage of total count
 G = Total turns spent on level
                    A         B        C        D         E        F      G
               +---------+---------+-------+---------+---------+-------+---------
         Total |       0 |      36 |   0.0 |       0 |      14 |   0.0 |   761
               +---------+---------+-------+---------+---------+-------+---------
           D:1 |       0 |      20 |   0.0 |       0 |      12 |   0.0 |   734
           D:2 |       0 |      16 |   0.0 |       0 |       2 |   0.0 |    27
               +---------+---------+-------+---------+---------+-------+---------
